AoeStats
← 精锐蒙古突骑

Arena

510515052Analyzed
2v2 RM · 17h ago on Oct 1, 2026· 45m 16s· 4 players
Game mode
Random Map
Map size
Medium (4 player)
Population
200
Speed
Normal
Resources
Standard
Victory
Conquest
Starting age
Dark Age
Ending age
Imperial Age
RankedLock teamsTeams togetherTeam positionsShared explorationLock speedFull tech treeHidden civsTurbo modeCheats
Victory
Defeat
🇦🇷 Celts · Argentina
1317
+18
1316
+18
🇨🇳 Wu · China
1388
-19
🇨🇳 Cumans · China
1341
-17
我没医保我不上
11:47 Feudal Age
13:35 Double-Bit Axe
13:33 Horse Collar
16:09 Castle Age
14:29 Loom
17:47 Bow Saw
19:18 Gold Mining
21:28 Wheelbarrow
21:22 Town Watch
24:02 Scale Mail Armor
25:31 Fortified Wall
27:10 Hand Cart
31:54 Imperial Age
32:35 Gold Shaft Mining
32:32 Ballistics
32:02 Pikeman
32:48 Capped Ram
33:40 Heavy Scorpion
34:40 Heavy Plow
35:25 Conscription
35:46 Chain Mail Armor
36:40 Furor Celtica
40:03 Chemistry
40:17 Siege Ram
42:13 Scale Barding Armor
42:42 Plate Mail Armor
精锐蒙古突骑
6:00 Double-Bit Axe
10:48 Feudal Age
15:01 Castle Age
12:51 Horse Collar
14:56 Bow Saw
15:07 Light Cavalry
17:33 Cavalier
20:58 Gold Mining
21:48 Wheelbarrow
23:11 Scale Barding Armor
24:13 Gold Shaft Mining
24:12 Husbandry
25:17 Chain Barding Armor
26:22 Forging
30:18 Iron Casting
35:01 Hand Cart
40:17 Imperial Age
40:54 Paladin
42:35 Plate Barding Armor
43:26 Blast Furnace
43:53 Hussar
吞风吻雨
9:10 Feudal Age
10:21 Double-Bit Axe
10:54 Horse Collar
20:13 Castle Age
19:23 Wheelbarrow
19:11 Gold Mining
19:43 Loom
21:37 Hand Cart
21:35 Bow Saw
28:00 Imperial Age
26:06 Fletching
27:03 Padded Archer Armor
27:10 Bodkin Arrow
29:00 Leather Archer Armor
29:20 Bloodlines
30:01 Ballistics
30:34 Ring Archer Armor
30:30 Parthian Tactics
29:56 Elite Kipchak
31:33 Conscription
32:38 Chemistry
31:40 Town Watch
32:19 Steppe Husbandry
32:41 Scale Barding Armor
32:47 Forging
32:26 Light Cavalry
33:06 Hussar
34:54 Chain Barding Armor
40:54 Capped Ram
2067
11:38 Feudal Age
12:40 Double-Bit Axe
15:29 Castle Age
13:21 Horse Collar
15:44 Loom
17:36 Fletching
17:39 Gold Mining
18:42 Town Watch
21:40 Bodkin Arrow
22:36 Padded Archer Armor
24:18 Wheelbarrow
23:55 Bow Saw
25:05 Red Cliffs Tactics
25:50 Leather Archer Armor
Connection lost

Rejoining the realm…

Still unreachable

The connection could not be restored.

Session expired

The server has moved on; the page needs a fresh start.